Map: Dusk Towers

Players

Scarlett - Winner!

  • Race: Zerg Zerg

FireCake

  • Race: Zerg Zerg

Event: DreamHack Open Tours WCS Spring Championship

VOD

Have the link to the VOD?

Description

Time

  • Played on: May 14, 2016, 4:05 p.m.
  • Length: 5:35

All games in this series

Show
View Real Time Build Order
Export as new Build Order

Scarlett Zerg - Winner!

Build Orders: Pool First, Zergling Baneling 

Get SALT Encoding   

  12  0:00  Drone  
  13  0:07  Drone  
  14  0:14  Extractor  
  13  0:27  Spawning Pool  
  12  0:32  Drone  
  13  0:36  Drone  
  14  0:45  Overlord  
  14  0:53  Extractor  
  14  0:54  Drone  
  15  1:04  Drone  
  16  1:16  Metabolic Boost  
  16  1:18  Queen  
  16  1:23  Zergling x2  
  19  1:26  Zergling x2  
  19  1:30  Zergling x2  
  21  1:44  Baneling Nest  
  20  1:47  Overlord  
  20  1:52  Zergling x2  
  21  2:02  Zergling x2  
  22  2:09  Zergling x2  
  23  2:20  Zergling x2  
  24  2:26  Zergling x6  
  27  2:33  Zergling x2  
  28  2:48  Zergling x2  
  28  2:53  Baneling x2  
  28  2:58  Zergling x4  
  29  3:00  Zergling x2  
  26  3:15  Zergling x2  
  26  3:16  Zergling x2  
  27  3:27  Zergling x2  
  27  3:31  Zergling x4  
  29  3:36  Baneling x4  
  29  3:38  Overlord x2  
  29  3:47  Zergling x2  
  27  3:56  Zergling x2  
  24  4:07  Zergling x2  
  23  4:17  Baneling x4  
  23  4:18  Hatchery  
  23  4:23  Zergling x2  
  23  4:25  Zergling x2  
  23  4:43  Zergling x2  
  23  4:44  Zergling x4  
  24  4:46  Zergling x2  
  25  4:53  Baneling x6  
  25  4:57  Zergling x2  
  26  5:05  Zergling x2  
Show
View Real Time Build Order
Export as new Build Order

FireCake Zerg 

Build Orders: Hatch First 

Get SALT Encoding   

  12  0:00  Drone  
  13  0:08  Drone  
  14  0:16  Overlord  
  14  0:22  Extractor  
  14  0:23  Drone  
  15  0:34  Drone x2  
  17  0:51  Hatchery  
  17  0:54  Drone  
  17  0:58  Drone  
  18  1:05  Drone  
  19  1:14  Spawning Pool  
  19  1:17  Drone  
  19  1:28  Drone  
  20  1:39  Hatchery  
  19  1:42  Extractor  
  19  1:43  Drone  
  19  1:49  Drone  
  20  2:01  Drone  
  21  2:02  Queen  
  21  2:06  Queen  
  25  2:14  Spine Crawler  
  24  2:16  Drone  
  24  2:22  Overlord  
  25  2:28  Drone  
  26  2:33  Drone  
  27  2:43  Baneling Nest  
  26  2:46  Zergling x2  
  26  2:47  Zergling x6  
  30  2:55  Zergling x2  
  30  2:56  Zergling x2  
  30  3:00  Zergling x2  
  30  3:02  Zergling x2  
  30  3:08  Zergling x2  
  24  3:13  Zergling x4  
  23  3:28  Baneling x2  
  23  3:29  Zergling x2  
  23  3:30  Zergling x2  
  24  3:36  Zergling x2  
  24  3:46  Zergling x4  
  24  3:48  Baneling x2  
  18  4:03  Zergling x4  
  15  4:13  Drone  
  15  4:32  Drone x2  
  13  4:48  Zergling x4  
  13  4:50  Baneling  
  15  4:56  Baneling  
  15  4:59  Zergling x2  
  16  5:06  Drone  
  17  5:16  Baneling  

Tags
 
Add a new tag
Caveats
  • Supply blocks, unpowered buildings, or Contaminate may cause inaccurate times.
  • Supply counts are checked every 10 seconds.